 Dungeon Crawl Stone Soup version 0.20-a0-501-g0de2c2e (webtiles) character file.

20 nono the Skirmisher (level 3, -8/25 HPs)
             Began as a Halfling Abyssal Knight on Jan 19, 2017.
             Killed from afar by a wretched star (33 damage)
             ... with an orb of energy
             ... on level 1 of the Abyss.
             The game lasted 00:03:07 (816 turns).

nono the Skirmisher (Halfling Abyssal Knight)        Turns: 816, Time: 00:03:08

Health: -8/25      AC:  3    Str: 13    XL:     3   Next: 0%
Magic:  4/4        EV: 14    Int: 10    God:
Gold:   88         SH:  0    Dex: 14    Spells: 2/2 levels left

rFire    . . .     SeeInvis .   a - +1 falchion
rCold    . . .     Gourm    .   b - +0 leather armour
rNeg     . . .     Faith    .   (shield restricted)
rPois    .         Spirit   .   (no helmet)
rElec    .         Reflect  .   (no cloak)
rCorr    .         Harm     .   (no gloves)
MR       .....                  (no boots)
Stlth    +.........             (no amulet)
Regen    0.1/turn               (no ring)
                                (no ring)

@: no status effects
A: mutation resistance 1
a: no special abilities


You were on level 1 of the Abyss.
You were not hungry.

You visited 1 branch of the dungeon, and saw 1 of its levels.
You visited the Abyss 2 times.

You collected 88 gold pieces.

Inventory:

Hand Weapons
 a - a +1 falchion (weapon)
 i - a +1 dagger of distortion
Armour
 b - a +0 leather armour (worn)
 e - a +0 ring mail
Potions
 d - 2 potions of heal wounds {unknown}
 f - a potion of lignification {unknown}
 g - 3 potions of curing {unknown}
Comestibles
 c - a bread ration
 h - a chunk of flesh


   Skills:
 - Level 2.6 Fighting
 + Level 2.4 Long Blades
 + Level 2.6 Armour
 + Level 1.8 Dodging
   Level 2.0 Invocations


You had 2 spell levels left.
You didn't know any spells.

Dungeon Overview and Level Annotations

Branches:
Dungeon (1/15)

Altars:


Innate Abilities, Weirdness & Mutations

You are small and have problems with some larger weapons.
You are somewhat resistant to further mutation.


Message History

Found 10 gold pieces.
You see here a dagger of distortion.
i - a dagger of distortion
Found a stone staircase leading down.
You now have 88 gold pieces (gained 10).
Lugonu's wrath finds you! Lugonu sends minions to punish you.
A small abomination comes into view.
You are cast into the Abyss!
To return, you must find a gate leading back.
Killing monsters will force the Abyss to allow you passage.
This branch contains the abyssal rune of Zot.
Found a fuming yellow potion.
g - 3 fuming yellow potions (gained 1)
A wretched star comes into view.
The wretched star pulses with an eldritch light!
A death drake comes into view.
The wretched star glows turbulently.
The orb of energy hits you!
Ouch! That really hurt!
You die...

. #. #.#
#.# #.#
#.# #.#
#.## #.@##
#...###
##.##..#
##....#.#
#*.###....
#.....##
#..#
...#....#
.#..
#....#
.#.##
....... k
.


You could see a wretched star.

Vanquished Creatures
  2 bats (D:1)
  3 giant cockroaches (D:1)
  A goblin (D:1)
  4 hobgoblins (D:1)
  2 jackals (D:1)
  A ball python (D:1)
  2 frilled lizards (D:1)
  2 kobolds (D:1)
  A rat (D:1)
18 creatures vanquished.

Notes
Turn   | Place    | Note
-------+----------+-------------------------------------------
     0 | Abyss:1  | nono the Halfling Abyssal Knight began the quest for the Orb.
     0 | Abyss:1  | Reached XP level 1. HP: 15/15 MP: 2/2
    41 | Abyss:3  | Found an opulent altar of Gozag.
    85 | Abyss:4  | Noticed a worldbinder
    94 | Abyss:4  | Noticed a smoke demon
    96 | Abyss:5  | Entered Level 5 of the Abyss
    96 | Abyss:5  | Found a corrupted altar of Lugonu.
   125 | Abyss:5  | Noticed a thrashing horror
   126 | D:1      | Escaped the Abyss
   367 | D:1      | Fell from the grace of Lugonu
   396 | D:1      | Reached XP level 2. HP: 15/20 MP: 3/3
   763 | D:1      | Reached XP level 3. HP: 24/25 MP: 4/4
   800 | D:1      | Noticed a small abomination
   800 | D:1      | Cast into level 1 of the Abyss (Lugonu's touch)
   809 | Abyss:1  | Noticed a wretched star
   814 | Abyss:1  | Noticed a death drake
   816 | Abyss:1  | Killed from afar by a wretched star

Vault maps used:
D:1:      dpeg_arrival_rhombi
Abyss:3:  evilmike_abyss_exit_13, minivault_19
Abyss:4:  hangedman_eye_storm, grunt_abyss_rune_wretched_hive
Abyss:5:  minivault_4, evilmike_abyss_rune_siren_acolytes

Action                   || total
-------------------------++-------
Melee: Falchion          ||    54
Invok: Depart the Abyss  ||     1
       Renounce Religion ||     1
Armor: Leather armour    ||    11
Dodge: Dodged            ||    46
       Rpst.: Falchion   ||     8
